 Dungeon Crawl Stone Soup version 0.24.0-123-gd5b16e6ec5 (webtiles) character file.

Game seed: 2207605336269195290, levelgen mode: deterministic

8 Chiseanne the Magician (level 2, 19/19 HPs)
             Began as a Demonspawn Wizard on Jan 22, 2020.
             Quit the game on level 1 of the Dungeon.
             The game lasted 00:00:39 (565 turns).

Chiseanne the Magician (Demonspawn Wizard)           Turns: 565, Time: 00:00:40

Health: 19/19      AC:  2    Str:  7    XL:     2   Next: 0%
Magic:  5/6        EV: 12    Int: 19    God:
Gold:   26         SH:  0    Dex: 11    Spells: 6/7 levels left

rFire    . . .     SeeInvis .   g - +2 dagger (venom)
rCold    . . .     Gourm    .   (no shield)
rNeg     . . .     Faith    .   a - +0 robe
rPois    .         Spirit   .   b - +0 hat
rElec    .         Reflect  .   (no cloak)
rCorr    .         Harm     .   (no gloves)
MR       .....                  (no boots)
Stlth    +.........             (no amulet)
HPRegen  0.06/turn              (no ring)
MPRegen  0.10/turn              (no ring)

@: no status effects
A: hooves 1
a: no special abilities


You were on level 1 of the Dungeon.
You were not hungry.

You visited 1 branch of the dungeon, and saw 1 of its levels.

You collected 26 gold pieces.

Inventory:

Hand Weapons
 g - a +2 dagger of venom (weapon)
Missiles
 e - 20 bolts
 f - 9 stones (quivered)
Armour
 a - a +0 robe (worn)
 b - a +0 hat (worn)
Potions
 c - a potion of heal wounds {unknown}
Comestibles
 d - 2 rations
 h - a chunk of flesh


   Skills:
 - Level 1.7 Dodging
 - Level 1.7 Stealth
 * Level 3.2 Spellcasting
 * Level 1.6 Conjurations
   Level 1.0 Summonings
   Level 0.8 Translocations


You had 6 spell levels left.
You knew the following spells:

 Your Spells              Type           Power        Failure   Level  Hunger
a - Magic Dart            Conj           #...         8%          1    None

Your spell library contained the following spells:

 Spells                   Type           Power        Failure   Level  Hunger
 Blink                    Tloc           N/A          16%         2    ##.....
 Call Imp                 Summ           #.......     16%         2    ##.....
 Slow                     Hex            #.......     22%         2    ##.....
 Conjure Flame            Conj/Fire      #.......     32%         3    ###....
 Mephitic Cloud           Conj/Pois/Air  #.......     34%         3    ###....


Dungeon Overview and Level Annotations

Branches:
Dungeon (1/15)

Altars:


Innate Abilities, Weirdness & Mutations

You have large cloven feet.


Message History

You have reached level 2!
You feel monstrous as your demonic heritage exerts itself.
Your demonic ancestry asserts itself...
Your feet thicken and deform.
The kobold hits the plant but does no damage.
The kobold hits the plant but does no damage.
f - 9 stones (gained 7)
The kobold hits the plant but does no damage.
The kobold hits the bush but does no damage.
The kobold hits the bush but does no damage.
The kobold completely misses the bush.
Something hits the bush but does no damage.
Something hits the bush but does no damage.
You now have 26 gold pieces (gained 13).
Something hits the bush but does no damage.
The kobold hits the plant but does no damage.
You see here a rat corpse.
There is a stone staircase leading down here.
A rat comes into view.
Are you sure you want to abandon this character and quit the game? (Confirm with "yes".)

# # ##### . .P .r.. .
##.♣♣.... .. ..#..♣
..# 8. #.#.P♣P ..##
.... #.#..P♣♣♣..#
..8.###.#....P♣..##
....##.....P..♣♣@.#
8......#...†.....P#
...........#......#
..8.#.#.#####.##.##
....#.#.# #......#
8.......# #.###.##
....#.### #.# #.#
..8.#.# #>###.###.#
...##.#####.........#


You could see a rat (sleeping).

Vanquished Creatures
  A dart slug (D:1)
  A bat (D:1)
  A giant cockroach (D:1)
  A frilled lizard (D:1)
  A kobold (D:1)
  2 rats (D:1)
7 creatures vanquished.

Notes
Turn   | Place    | Note
-------+----------+-------------------------------------------
     0 | D:1      | Chiseanne the Demonspawn Wizard began the quest for the
                  | Orb.
     0 | D:1      | Reached XP level 1. HP: 13/13 MP: 4/4
   525 | D:1      | Gained mutation: You have large cloven feet. [demonic
                  | ancestry]
   525 | D:1      | Reached XP level 2. HP: 19/19 MP: 1/6
   565 | D:1      | Quit the game

Levels and vault maps discovered:
D:1:      dpeg_arrival_tiny_i, layout_loops_ring, serial_forest,
          infiniplex_forest_lined_2, infiniplex_forest_clump_diagonal,
          infiniplex_forest_zigzag_2, infiniplex_forest_clump_medium,
          infiniplex_forest_corner_1, infiniplex_forest_diagonal,
          infiniplex_forest_clump_long, kennysheep_crisscross

Action                   || total
-------------------------++-------
Melee: Unarmed           ||    31
       Dagger            ||     5
 Cast: Magic Dart        ||    12
Armor: Robe              ||    11
Dodge: Dodged            ||    28
